 Dungeon Crawl Stone Soup version 0.18.1-48-g4cf74bf (webtiles) character file.

79928 Patate the Executioner (level 15, -5/136 HPs)
             Began as a Minotaur Berserker on May 1, 2016.
             Was the Champion of Trog.
             Killed from afar by a shock serpent (31 damage)
             ... with a bolt of electricity
             ... on level 1 of the Snake Pit on Aug 7, 2016.
             The game lasted 02:02:47 (30180 turns).

Patate the Executioner (Minotaur Berserker)        Turns: 30180, Time: 02:02:48

Health: -5/136     AC: 23    Str: 27    XL:     15   Next: 22%
Magic:  14/14      EV:  8    Int:  2    God:    Trog [******]
Gold:   1471       SH: 14    Dex: 11    Spells: 0 memorised, 14 levels left

rFire  . . .     SeeInvis +     m - +8 broad axe of Wewnuman {chop, MR++}
rCold  . . .     Gourm    .     P - +0 plate armour
rNeg   . . .     Faith    .     x - +0 shield
rPois  +         Spirit   .     (helmet restricted)
rElec  .         Dismiss  .     U - +0 cloak "Sitwiob" {MR+ Int-2 SInv}
rCorr  .         Reflect  .     J - +2 pair of gloves
SustAt .         Harm     .     Y - +1 pair of boots
MR     +++++                    L - amulet of magic regeneration
Stlth  ..........               E - ring of poison resistance
                                l - ring of protection from magic

@: lethally poisoned (-5 -> -5), almost entirely resistant to hostile
enchantments, extremely unstealthy
A: retaliatory headbutt, horns 2
a: Berserk, Trog's Hand, Brothers in Arms, Burn Spellbooks, Renounce Religion


You were on level 1 of the Snake Pit.
You worshipped Trog.
Trog was exalted by your worship.
You were very hungry.

You visited 5 branches of the dungeon, and saw 21 of its levels.
You also visited: Sewer.

You collected 1682 gold pieces.
You spent 211 gold pieces at shops.

Inventory:

Hand Weapons
 m - the +8 broad axe of Wewnuman (weapon) {chop, MR++}
   (Trog gifted it to you on level 3 of the Lair of Beasts)

   It inflicts extra damage upon your enemies.
   It affects your resistance to hostile enchantments.
 s - a +4 spear of freezing
Armour
 i - a +1 large shield of poison resistance
 x - a +0 shield (worn)
 J - a +2 pair of gloves (worn)
 P - a +0 plate armour (worn)
 U - the +0 cloak "Sitwiob" (worn) {MR+ Int-2 SInv}
   (You bought it in a shop on level 9 of the Dungeon)

   It affects your intelligence (-2).
   It affects your resistance to hostile enchantments.
   It lets you see invisible.
 Y - a +1 pair of boots (worn)
Jewellery
 d - an uncursed ring of protection from fire
 l - a ring of protection from magic (left hand)
 q - a +4 amulet of reflection
 y - an uncursed ring of positive energy
 E - a ring of poison resistance (right hand)
 L - an amulet of magic regeneration (around neck)
 O - an uncursed ring of protection from cold
Wands
 a - a wand of digging (4/24)
 o - a wand of paralysis (9/24)
 t - a wand of hasting (3/9)
 A - a wand of digging (8/24)
 H - a wand of hasting (5/9)
 Q - a wand of enslavement (9/24)
 T - a wand of confusion (30/48)
Scrolls
 e - 3 scrolls of enchant armour
 g - 2 scrolls of blinking
 k - 6 scrolls of teleportation
 p - 7 scrolls of remove curse
 u - 5 scrolls of magic mapping
 w - 3 scrolls of enchant weapon
 B - 2 scrolls of recharging
 I - a scroll of fear
 M - 6 scrolls of identify
 Z - a scroll of fog
Potions
 b - 2 potions of haste
 j - 6 potions of flight
 n - a potion of invisibility
 r - a potion of might
 z - 4 potions of resistance
 D - a potion of ambrosia
 F - 4 potions of curing
Comestibles
 c - 7 bread rations
 f - 8 fruits
 h - 15 meat rations
 v - 2 chunks of flesh
 N - 7 beef jerkies
 R - 8 royal jellies


   Skills:
 * Level 13.5 Fighting
 - Level 21.0 Axes
 + Level 13.4 Armour
 - Level 2.1 Dodging
 + Level 13.5 Shields


You had 14 spell levels left.
You didn't know any spells.

Dungeon Overview and Level Annotations

Branches:
Dungeon (10/15)            Temple (1/1) D:4            Lair (8/8) D:10
  Swamp (0/4) Lair:4        Snake (1/4) Lair:6        Slime (0/6) Lair:7
    Orc (1/2) D:10

Altars:
Ashenzari
Cheibriados
Dithmenos
Elyvilon
Fedhas
Gozag
Kikubaaqudgha
Makhleb
Nemelex Xobeh
Okawaru
Pakellas
Qazlal
Ru
Sif Muna
Trog
Vehumet
Xom
Yredelemnul
Zin
The Shining One

Shops:
D:4 *   D:9 [   D:10 %


Innate Abilities, Weirdness & Mutations

You reflexively headbutt those who attack you in melee.
You have a pair of horns on your head.


Message History

You slice Agnes!!
Agnes is moderately wounded.
You feel sick. Agnes hits you with a lajatang of pain!
You writhe in agony.
You slice Agnes!!
Agnes is severely wounded.
Agnes hits you with a lajatang of pain!
* * * LOW HITPOINT WARNING * * *
You writhe in agony.
* * * LOW HITPOINT WARNING * * *
You slice Agnes!! Your headbutt misses Agnes.
Agnes is almost dead.
Agnes closely misses you. You furiously retaliate!
You headbutt Agnes! You slash Agnes!
You kill Agnes!
Trog accepts your kill.
You barely miss the shock serpent. Your headbutt misses the shock serpent.
You feel sick.
The shock serpent shoots out a bolt of lightning at you!
The bolt of electricity hits you!
You die...

)........
##.......
..##...
##......(
.......
.).....#
.......
.......#
.....#.
...#####
......# ....#
##......#
....# #)S....#
....# #@#
.#### #.# .#
##.# .# ##..#
## #..## #
###.## # #...#
# ##### #)###
.###...#####.#


You could see a shock serpent.

Vanquished Creatures
  Agnes (Snake:1)
  Josephine (Lair:4)
  A naga warrior (Snake:1)
  7 hydras
  4 catoblepae
  11 death yaks
  An alligator (Lair:4)
  Urug (Lair:4)
  A shock serpent (Snake:1)
  The ghost of volde25 the Basher, a novice HOFi of Trog (D:6)
  2 hill giants (D:10)
  A lindwurm (Lair:7)
  Pikel (D:5)
  2 griffons
  3 salamanders
  23 elephants
  13 black mambas
  A torpor snail (Lair:1)
  A guardian serpent (Snake:1)
  2 molten gargoyles (Lair:3)
  A gargoyle (D:10)
  23 spiny frogs
  10 komodo dragons
  A troll (D:10)
  A polar bear (Lair:5)
  A boulder beetle (Lair:8)
  14 blink frogs
  The ghost of Enish the Martial Artist, an amateur TeMo of Gozag (D:4)
  Sigmund (D:3)
  A vampire (D:10)
  2 basilisks
  2 hill giant zombies (D:10)
  6 wraiths
  2 wyverns
  59 yaks
  11 hippogriffs
  2 hungry ghosts
  6 nagas (Snake:1)
  18 water moccasins
  21 porcupines
  Purgy (Sewer)
  2 ice beasts
  9 orc warriors
  Duvessa (D:5)
  4 wasps (D:10)
  2 slaves (D:5)
  2 sky beasts (D:7)
  A black bear (D:10)
  3 phantoms
  4 centaurs
  5 wolves (Lair:6)
  5 ogres
  12 crocodiles
  3 big kobolds (D:10)
  Blork the orc (D:4)
  2 wyvern zombies
  26 giant frogs
  Dowan (D:5)
  5 scorpions
  2 wyvern skeletons
  A water moccasin skeleton (D:7)
  3 troll zombies (D:10)
  7 killer bees
  7 electric eels
  A howler monkey (D:6)
  5 lava snakes (Lair:3)
  A centaur zombie (D:10)
  2 crimson imps
  4 orc priests
  4 hounds
  6 jellies
  Crazy Yiuf (D:3)
  12 orc wizards
  A centaur skeleton (D:9)
  2 giant frog skeletons
  7 iguanas
  6 hell rats (Lair:4)
  8 worker ants
  22 sheep
  3 ogre zombies (D:10)
  A hound zombie (D:6)
  A hound skeleton (D:10)
  Robin (D:2)
  11 gnolls
  19 adders
  67 river rats
  2 oozes
  2 worms
  A dart slug (D:1)
  7 giant geckos
  37 orcs
  4 ball pythons
  13 bats
  8 giant cockroaches
  27 goblins
  19 hobgoblins
  5 jackals
  48 kobolds
  5 quokkas
  2 giant gecko skeletons (D:5)
  5 giant newts
  2 goblin skeletons (D:10)
  2 goblin zombies (D:10)
  2 hobgoblin zombies (D:10)
  3 orc skeletons (D:10)
  16 orc zombies (D:10)
  13 rats
  16 fungi
  21 plants
815 creatures vanquished.

Vanquished Creatures (collateral kills)
  Nessos (Lair:5)
  6 death yaks
  A hill giant (D:10)
  An orc knight (D:10)
  A yak (Lair:8)
  A water moccasin (Lair:3)
  A giant frog (Lair:1)
  2 sheep (Lair:8)
14 creatures vanquished.

Vanquished Creatures (others)
  A giant gecko skeleton (D:5)
  25 fungi
  14 plants
  13 toadstools (Lair:7)
53 creatures vanquished.

Grand Total: 882 creatures vanquished

Notes
Turn   | Place    | Note
--------------------------------------------------------------
     0 | D:1      | Patate the Minotaur Berserker began the quest for the Orb.
     0 | D:1      | Reached XP level 1. HP: 19/19 MP: 0/0
   196 | D:1      | Reached skill level 4 in Axes
   196 | D:1      | Reached XP level 2. HP: 27/27 MP: 1/1
   420 | D:1      | Reached XP level 3. HP: 33/34 MP: 2/2
   929 | D:2      | Noticed Robin
   932 | D:1      | Reached ** piety under Trog
  1031 | D:2      | Killed Robin
  1031 | D:2      | Reached XP level 4. HP: 24/41 MP: 3/3
  1042 | D:2      | Reached skill level 5 in Fighting
  1375 | D:2      | Found an iron altar of Okawaru.
  1375 | D:2      | Found a white marble altar of Elyvilon.
  1762 | D:2      | Reached *** piety under Trog
  1971 | D:3      | Reached XP level 5. HP: 48/48 MP: 4/4
  2218 | D:3      | Noticed Sigmund
  2313 | D:3      | Killed Sigmund
  2313 | D:3      | Reached skill level 5 in Axes
  2313 | D:3      | Reached XP level 6. HP: 58/58 MP: 5/5
  2887 | D:3      | Noticed Crazy Yiuf
  2896 | D:3      | Killed Crazy Yiuf
  3297 | D:3      | Reached **** piety under Trog
  3332 | D:4      | Reached skill level 5 in Armour
  3332 | D:4      | Reached XP level 7. HP: 56/66 MP: 6/6
  3354 | D:4      | Noticed Enish's ghost (amateur TeMo)
  3507 | D:4      | Reached skill level 6 in Axes
  3716 | D:4      | Found Uphul's General Store.
  3755 | D:4      | Killed Enish's ghost
  3762 | D:4      | Found an opulent altar of Gozag.
  3771 | D:4      | Noticed Blork the orc
  3790 | D:4      | Killed Blork the orc
  3790 | D:4      | Reached XP level 8. HP: 57/75 MP: 7/7
  3911 | D:4      | Found a basalt altar of Yredelemnul.
  4348 | D:4      | Found a staircase to the Ecumenical Temple.
  4360 | Temple   | Entered the Ecumenical Temple
  4781 | D:4      | Reached ***** piety under Trog
  5042 | D:4      | Reached skill level 7 in Axes
  5200 | D:5      | Entered Level 5 of the Dungeon
  5200 | D:5      | Found a glowing drain.
  5306 | Sewer    | Entered a sewer
  5359 | Sewer    | Noticed Purgy
  5371 | Sewer    | Killed Purgy
  5534 | D:5      | Found a stormy altar of Qazlal.
  5539 | D:5      | Noticed an air elemental
  5946 | D:5      | Noticed Duvessa
  5946 | D:5      | Noticed Dowan
  5957 | D:5      | Killed Duvessa
  5957 | D:5      | Received a gift from Trog
  5957 | D:5      | Reached skill level 10 in Fighting
  5962 | D:5      | Killed Dowan
  6049 | D:5      | Noticed Pikel
  6060 | D:5      | Killed Pikel
  6060 | D:5      | Reached skill level 8 in Axes
  6060 | D:5      | Reached XP level 9. HP: 22/86 MP: 8/8
  6568 | D:6      | Noticed volde25's ghost (novice HOFi)
  6577 | D:6      | Reached skill level 9 in Axes
  6578 | D:6      | Killed volde25's ghost
  7115 | D:6      | Reached skill level 10 in Axes
  7235 | D:6      | Upgraded the game from 0.18-b1-16-g289874d to 0.18-b1-22-ge198996
  9084 | D:7      | Reached XP level 10. HP: 70/96 MP: 9/9
  9216 | D:7      | Gained mutation: Potions and wands are less effective at restoring your health. [potion of mutation]
  9216 | D:7      | Gained mutation: Armour fits poorly on your strangely shaped body. [potion of mutation]
  9216 | D:7      | Gained mutation: Your movements are slightly less encumbered by armour (ER -2). [potion of mutation]
  9341 | D:7      | Reached skill level 11 in Axes
  9603 | D:7      | Found a glowing silver altar of Zin.
 10345 | D:8      | Upgraded the game from 0.18-b1-22-ge198996 to 0.18.1-5-g4a78601
 10634 | D:9      | Reached skill level 12 in Axes
 10638 | D:9      | Reached skill level 10 in Armour
 11218 | D:9      | Found Yntan's Armour Shop.
 11223 | D:9      | Bought the cursed +0 cloak "Sitwiob" {MR+ Int-2 SInv} for 211 gold pieces
 11468 | D:10     | Entered Level 10 of the Dungeon
 11474 | D:10     | Received a gift from Trog
 11477 | D:9      | Upgraded the game from 0.18.1-5-g4a78601 to 0.18.1-48-g4cf74bf
 11724 | D:10     | Reached skill level 13 in Axes
 11844 | D:10     | Noticed a hill giant
 11849 | D:10     | Killed a hill giant
 12069 | D:10     | Reached XP level 11. HP: 102/102 MP: 10/10
 12313 | D:10     | Found Vaodoqit's Food Shoppe.
 12866 | D:10     | Reached skill level 14 in Axes
 12967 | D:10     | Found a staircase to the Orcish Mines.
 13252 | D:10     | Noticed a hill giant
 13256 | D:10     | Killed a hill giant
 13393 | D:10     | Found a staircase to the Lair.
 13988 | D:10     | Noticed a hill giant
 13994 | D:10     | Reached skill level 15 in Axes
 14000 | D:10     | Killed a hill giant
 14250 | Orc:1    | Entered Level 1 of the Orcish Mines
 14250 | Orc:1    | Noticed an orc knight
 14250 | Orc:1    | Noticed an orc knight
 14577 | D:10     | Killed an orc knight
 14577 | D:10     | Reached skill level 16 in Axes
 15089 | Lair:1   | Entered Level 1 of the Lair of Beasts
 15398 | Lair:1   | Noticed a four-headed hydra
 15411 | Lair:1   | Killed a six-headed hydra
 15411 | Lair:1   | Reached XP level 12. HP: 91/110 MP: 11/11
 15496 | Lair:1   | Reached skill level 17 in Axes
 15688 | Lair:1   | Noticed a four-headed hydra
 15710 | Lair:1   | Killed a four-headed hydra
 16146 | Lair:1   | Received a gift from Trog
 16339 | Lair:2   | Reached skill level 18 in Axes
 18100 | Lair:3   | Noticed a seven-headed hydra
 18112 | Lair:3   | Killed a seven-headed hydra
 18415 | Lair:3   | Noticed an eight-headed hydra
 18424 | Lair:3   | Killed an eight-headed hydra
 18424 | Lair:3   | Reached skill level 19 in Axes
 19246 | Lair:3   | Noticed a catoblepas
 19270 | Lair:3   | Killed a catoblepas
 19631 | Lair:3   | Lost mutation: Armour fits poorly on your strangely shaped body. [potion of cure mutation]
 19631 | Lair:3   | Lost mutation: Your movements are slightly less encumbered by armour (ER -2). [potion of cure mutation]
 19631 | Lair:3   | Lost mutation: Potions and wands are less effective at restoring your health. [potion of cure mutation]
 19666 | Lair:3   | Reached XP level 13. HP: 116/116 MP: 12/12
 19783 | Lair:3   | Received a gift from Trog
 19789 | Lair:3   | Got a steaming broad axe {god gift}
 19790 | Lair:3   | Identified the +8 broad axe of Wewnuman {chop, MR++} (Trog gifted it to you on level 3 of the Lair of Beasts)
 20238 | Lair:4   | Noticed Urug
 20250 | Lair:4   | Killed Urug
 20250 | Lair:4   | Reached skill level 20 in Axes
 21151 | Lair:4   | Noticed Josephine
 21201 | Lair:4   | Killed Josephine
 21652 | Lair:4   | Reached skill level 21 in Axes
 21951 | Lair:4   | Found a staircase to the Swamp.
 22333 | Lair:4   | Reached skill level 1 in Shields
 22510 | Lair:5   | Noticed Nessos
 22520 | Lair:5   | Killed Nessos
 22947 | Lair:5   | Received a gift from Trog
 24437 | Lair:6   | Reached skill level 5 in Shields
 24547 | Lair:6   | Reached XP level 14. HP: 127/127 MP: 13/13
 24636 | Lair:6   | Reached ****** piety under Trog
 24711 | Lair:6   | Found a staircase to the Snake Pit.
 24724 | Lair:6   | Received a gift from Trog
 25620 | Lair:7   | Received a gift from Trog
 26431 | Lair:7   | Found a staircase to the Slime Pits.
 27455 | Lair:8   | Entered Level 8 of the Lair of Beasts
 27779 | Lair:8   | Reached skill level 10 in Shields
 28833 | Lair:8   | Reached XP level 15. HP: 92/134 MP: 14/14
 29711 | Snake:1  | Entered Level 1 of the Snake Pit
 29966 | Snake:1  | Received a gift from Trog
 30002 | Snake:1  | Found a stormy altar of Qazlal.
 30172 | Snake:1  | Noticed Agnes
 30179 | Snake:1  | Killed Agnes
 30180 | Snake:1  | Killed from afar by a shock serpent

Skill      XL: |  1  2  3  4  5  6  7  8  9 10 11 12 13 14 15 |
---------------+----------------------------------------------+-----
Fighting       | 4 5 6 7 8 10 11 12 13 | 13.5
Axes           | 4 5 6 8 10 13 16 19 21 | 21.0
Armour         | 3 4 5 6 7 9 10 11 12 13 | 13.4
Shields        | 5 13 | 13.5
Dodging        | |  2.1

Action                   |  1- 3 |  4- 6 |  7- 9 | 10-12 | 13-15 || total
-------------------------+-------+-------+-------+-------+-------++-------
Melee: Hand axe          |    65 |    93 |       |       |       ||   158
       Headbutt          |    11 |    28 |    46 |   119 |   187 ||   391
       Spear             |       |    50 |   205 |    23 |    74 ||   352
       Battleaxe         |       |       |    75 |   616 |     4 ||   695
       Broad axe         |       |       |       |       |   711 ||   711
Invok: Berserk           |       |     1 |     1 |     3 |       ||     5
       Trog's Hand       |       |       |     2 |     2 |     5 ||     9
       Burn Spellbooks   |       |       |     1 |     2 |     3 ||     6
       Brothers in Arms  |       |       |       |     4 |     5 ||     9
Evoke: Wand              |       |       |     1 |       |       ||     1
  Use: Potion            |       |     5 |     2 |     6 |     1 ||    14
       Scroll            |       |     2 |    11 |     5 |     7 ||    25
 Stab: Sleeping          |     1 |     2 |     4 |       |       ||     7
  Eat: Chunk             |       |     9 |    18 |    32 |    30 ||    89
       Royal jelly       |       |       |     1 |     2 |       ||     3
       Pizza             |       |       |       |     2 |     1 ||     3
       Beef jerky        |       |       |       |     1 |       ||     1
       Fruit             |       |       |       |       |     3 ||     3
Armor: Animal skin       |     9 |    17 |       |       |       ||    26
       Leather armour    |       |    18 |    47 |       |       ||    65
       Ring mail         |       |       |    28 |       |       ||    28
       Chain mail        |       |       |    27 |   134 |       ||   161
       Plate armour      |       |       |       |   130 |   350 ||   480
Dodge: Dodged            |    41 |    77 |   152 |   254 |   142 ||   666
Block: Shield            |       |       |       |       |   241 ||   241
       Large shield      |       |       |       |       |    67 ||    67
